 Dungeon Crawl Stone Soup version 0.28.0-56-g4927b6849a (webtiles) character file.

Game seed: 12646129662424793755

298 Atelerd the Digger (level 6, -4/37 HPs)
             Began as an Octopode Earth Elementalist on Jan 26, 2023.
             Slain by Menkaure (16 damage)
             ... on level 4 of the Dungeon.
             The game lasted 00:03:47 (3180 turns).

Atelerd the Digger (Octopode Earth Elementalist)    Turns: 3180, Time: 00:03:48

Health: -4/37      AC:  1    Str:  8    XL:     6   Next: 36%
Magic:  0/12       EV: 13    Int: 19    God:
Gold:   94         SH:  0    Dex: 12    Spells: 8/13 levels left

rFire   . . .      SeeInvis .   k - +3 dagger (speed)
rCold   . . .      Faith    .   (no shield)
rNeg    . . .      Spirit   .   (helmet restricted)
rPois   .          Reflect  .   (no amulet)
rElec   .          Harm     .   (no ring)
rCorr   .          Rampage  .   (no ring)
Will    .....                   (no ring)
Stlth   +++.......              (no ring)
HPRegen 0.12/turn               (no ring)
MPRegen 0.13/turn               (no ring)
                                (no ring)
                                (no ring)

@: mighty, very slightly contaminated, hasted, very quick
A: almost no armour, amphibious, 8 rings, camouflage 1, gelatinous body 1,
(nimble swimmer 1), tentacles
a: no special abilities


You were on level 4 of the Dungeon.
You visited 1 branch of the dungeon, and saw 4 of its levels.

You collected 94 gold pieces.

Inventory:

Hand Weapons
 c - a +0 dagger
 e - a +3 short sword
 k - a +3 dagger of speed (weapon)
Missiles
 q - 46 stones
Jewellery
 l - a +6 ring of strength
Scrolls
 d - 4 scrolls of identify {unknown}
 f - a scroll of teleportation {unknown}
 g - 2 scrolls of enchant armour {unknown}
 i - 2 scrolls of torment {unknown}
 j - a scroll of noise {unknown}
 n - a scroll of immolation {unknown}
 o - a scroll of acquirement {unknown}
 p - a scroll of magic mapping {unknown}
 s - a scroll of brand weapon {unknown}
 t - a scroll of enchant weapon {unknown}
Potions
 a - a potion of might
 b - a potion of haste
 h - a potion of curing {unknown}
 m - a potion of invisibility {unknown}
 r - a potion of cancellation {unknown}


   Skills:
 - Level 0.5 Fighting
 - Level 1.0 Short Blades
 - Level 2.0 Dodging
 * Level 4.0 Stealth
 + Level 4.2 Spellcasting
 * Level 1.1 Transmutations
 + Level 4.8 Earth Magic


You had 8 spell levels left.
You knew the following spells:

 Your Spells              Type           Power      Damage    Failure   Level
a - Sandblast             Erth           44%        2d11      1%          1
p - Petrify               Tmut/Erth      15%        N/A       36%         4

Your spell library contained the following spells:

 Spells                   Type           Power      Damage    Failure   Level
 Passwall                 Tmut/Erth      12%        N/A       6%          2
 Stone Arrow              Conj/Erth      26%        3d8       16%         3
 Corpse Rot               Necr/Air       6%         N/A       21%         2
 Poisonous Vapours        Pois/Air       6%         N/A       21%         2


Dungeon Overview and Level Annotations

Branches:
Dungeon (4/15)
 Temple: D:4-7

Altars:
Makhleb

Annotations:
D:3 Terence
D:4 Menkaure


Innate Abilities, Weirdness & Mutations

You cannot wear most types of armour.
You are amphibious.
You can wear up to eight rings at the same time.
Your skin changes colour to match your surroundings (Stealth+).
Your rubbery body absorbs attacks. (AC +1, EV +1)
((You are camouflaged when in or above water. (Stealth+)))
You have tentacles for arms and can constrict up to eight enemies at once.


Message History

You see here a lumpy silvery potion.
Menkaure shouts!
Casting: Sandblast (safe; 1% risk of failure)
Confirm with . or Enter, or press ? or * to list all spells.
The spell is extremely dangerous to miscast (36% risk of failure)!
Continue anyway?
Aiming: Petrify (extremely dangerous; 36% risk of failure)
Press: ? - help, Shift-Dir - straight line, f - Menkaure
Aim: Menkaure (chance to affect: 49%) Menkaure resists with some effort.
Menkaure casts a spell.
Menkaure seems to speed up.
Casting: Petrify (extremely dangerous; 36% risk of failure)
Confirm with . or Enter, or press ? or * to list all spells.
The spell is extremely dangerous to miscast (36% risk of failure)!
Continue anyway?
Aiming: Petrify (extremely dangerous; 36% risk of failure)
Press: ? - help, Shift-Dir - straight line, f/p - Menkaure
Aim: Menkaure (fast, chance to affect: 49%) Menkaure resists with some effort.
Casting: Petrify (extremely dangerous; 36% risk of failure)
Confirm with . or Enter, or press ? or * to list all spells.
The spell is extremely dangerous to miscast (36% risk of failure)!
Continue anyway?
Aiming: Petrify (extremely dangerous; 36% risk of failure)
Press: ? - help, Shift-Dir - straight line, f/p - Menkaure
Aim: Menkaure (fast, chance to affect: 49%)
You miscast Petrify.
You are very lightly contaminated with residual magic.
Nothing appears to happen.
Okay, then.
You hit Menkaure but do no damage. You grab Menkaure.
You constrict Menkaure, but do no damage.
Menkaure barely misses you.
You hit Menkaure. You squeeze Menkaure, but do no damage.
Menkaure is lightly damaged.
You constrict Menkaure. Menkaure hits you!
It was a potion of might.
You feel very mighty all of a sudden.
You constrict Menkaure. Menkaure hits you!
It was a potion of haste.
You feel yourself speed up.
You constrict Menkaure. Menkaure hits you!
You die...

+.......##.#
#.#.#.#.#
#####...##.#
#.#.#.#.#
##..##.#
#.#.#.#.#
#..##+###.#.#)#<#
#......##.#.#)###
#......+ #....
#.!....## #####
########.........
......M@.##..####
.........+ .>#
.........# ###
.........#
.........#
.........#
.........#
.........#


You could see Menkaure (fast).

Vanquished Creatures
  Sigmund (D:3)
  A jelly (D:2)
  Robin (D:2)
  2 adders
  A dart slug (D:3)
  4 orcs (D:4)
  6 ball pythons
  12 endoplasms
  A giant cockroach (D:2)
  14 goblins
  10 hobgoblins
  4 kobolds
  2 quokkas
  4 bats
  A frilled lizard (D:3)
  7 rats
71 creatures vanquished.

Notes
Turn   | Place    | Note
-------+----------+-------------------------------------------
     0 | D:1      | Atelerd the Octopode Earth Elementalist began the quest for
                  | the Orb.
     0 | D:1      | Reached XP level 1. HP: 11/11 MP: 3/3
   187 | D:1      | Reached XP level 2. HP: 13/17 MP: 0/5
   605 | D:1      | You fall into a shaft and drop 1 floor!
   612 | D:2      | Reached XP level 3. HP: 17/21 MP: 4/7
   678 | D:2      | Reached XP level 4. HP: 22/27 MP: 6/8
   778 | D:2      | Found a burning altar of Makhleb.
  1302 | D:3      | Noticed Sigmund
  1315 | D:3      | Killed Sigmund
  1316 | D:3      | Reached XP level 5. HP: 12/32 MP: 6/10
  1316 | D:3      | Reached XP level 6. HP: 14/37 MP: 6/11
  2044 | D:3      | Noticed Terence
  2535 | D:2      | Noticed Robin
  2547 | D:2      | Killed Robin
  2796 | D:2      | Reached skill level 1 in Short Blades
  3164 | D:4      | Noticed Menkaure
  3171 | D:4      | Learned a level 4 spell: Petrify
  3180 | D:4      | Slain by Menkaure

Illustrated notes

Levels and vault maps discovered:
D:1:      dpeg_arrival_court, layout_rooms
D:2:      layout_basic, basic_altar, serial_forest,
          infiniplex_forest_clump_small, infiniplex_forest_lined_room_2,
          infiniplex_forest_straight_3, infiniplex_forest_clump_small,
          infiniplex_forest_corner_1, infiniplex_forest_lined_room_2,
          minmay_misc_feat_iff, hex_tiny, lightli_corner_chamber, uniq_robin
D:3:      layout_basic, uniq_terence, uniq_sigmund
D:4:      layout_basic, minmay_temple_entry_statues_pillars, uniq_menkaure

Skill      XL: |  1  2  3  4  5  6 |
---------------+-------------------+-----
Stealth        | 3 4 |  4.0
Spellcasting   | 3 4 |  4.2
Earth Magic    | 4 |  4.8
Short Blades   | 1 |  1.0
Fighting       | |  0.5
Dodging        | |  2.0
Transmutations | |  1.1

Action                   |  1- 3 |  4- 6 || total
-------------------------+-------+-------++-------
Melee: Dagger            |    11 |    87 ||    98
       Constrict         |     8 |    26 ||    34
       Tentacles         |     6 |    19 ||    25
       Unarmed           |     2 |       ||     2
       Short sword       |     7 |     8 ||    15
       Punch             |     2 |     1 ||     3
 Cast: Sandblast         |    21 |    12 ||    33
       Petrify           |       |     2 ||     2
  Use: Potion            |       |     2 ||     2
 Stab: Sleeping          |     2 |     4 ||     6
Armor: Skin              |     1 |     2 ||     3
Dodge: Dodged            |    21 |    49 ||    70
